 Dungeon Crawl Stone Soup version 0.18.1-48-g4cf74bf (webtiles) character file.

79 MistressOfTheDunes the Insei (level 4, -2/35 HPs)
             Began as a Mummy Monk on June 26, 2016.
             Slain by a hobgoblin
             ... wielding a +0 club
              (5 damage)
             ... on level 1 of the Dungeon.
             The game lasted 00:02:35 (2444 turns).

MistressOfTheDunes the Insei (Mummy Monk)           Turns: 2444, Time: 00:02:35

Health: -2/35      AC:  1    Str: 14    XL:     4   Next: 17%
Magic:  4/4        EV: 13    Int:  9    God:
Gold:   0          SH:  0    Dex: 15    Spells: 0 memorised, 3 levels left

rFire  x . .     SeeInvis .       - Unarmed
rCold  + . .     Gourm    .     (no armour)
rNeg   + + +     Faith    .     (no shield)
rPois  ∞         Spirit   .     b - +0 helmet
rElec  .         Dismiss  .     (no cloak)
rCorr  .         Reflect  .     (no gloves)
SustAt .         Harm     .     (no boots)
MR     .....                    (no amulet)
Stlth  ++........               (no ring)
                                (no ring)

@: not resistant to hostile enchantments, unstealthy
A: no food or potions, fire vulnerability, cold resistance 1, negative energy
resistance 3, torment resistance, unbreathing
a: no special abilities


You were on level 1 of the Dungeon.
You were not hungry.

You visited 1 branch of the dungeon, and saw 2 of its levels.


Innate Abilities, Weirdness & Mutations

You do not eat or drink.
Your flesh is vulnerable to fire.
You are immune to poison.
Your flesh is cold resistant.
You are immune to negative energy.
You are immune to unholy pain and torment.
You can survive without breathing.


   Skills:
 - Level 3.0 Fighting
 - Level 2.4 Dodging
 - Level 1.5 Stealth
 + Level 4.7 Unarmed Combat


You had 3 spell levels left.
You didn't know any spells.

Inventory:

Armour
 b - a +0 helmet (worn)
Scrolls
 a - a scroll of random uselessness {unknown}
 c - a scroll of enchant armour {unknown}

Dungeon Overview and Level Annotations

Branches:
Dungeon (2/15)

Altars:

▒.▒▒..▒.......▒..▒▒▒▒ ▒.▒▒▒
▒.▒▒..▒.......▒.....▒ ▒.▒
▒.▒▒..▒.......▒..▒▒.▒ ▒.▒
▒.▒▒..▒.▒▒▒▒▒▒▒..▒▒.▒ ▒.▒ ▒
▒.▒▒.............▒▒.▒ ▒.▒ ▒
▒.▒▒.............▒▒.▒▒▒▒▒▒▒▒▒.▒ ▒
▒.▒▒▒▒▒▒▒▒▒▒.▒▒▒▒▒▒........▒▒.▒▒▒
▒.▒▒▒ ▒▒▒▒.▒ ▒▒▒▒.▒▒▒▒▒▒.▒.....
▒.▒.▒ ▒.▒..▒ ▒M▒..▒ ▒.....).
▒.▒.▒▒ ▒....▒▒▒g▒..▒ ▒▒▒▒÷....
▒..>.▒▒ ▒......▒.▒..▒ ▒.....).)
▒>▒▒▒.▒▒▒▒...▒.▒.▒..▒▒▒▒▒.▒.▒.▒▒.
▒.▒ ▒.......▒▒.▒..............▒▒.
▒.▒▒▒.▒▒▒▒▒▒▒▒.▒.▒...▒▒▒.......▒▒
▒▒...▒▒ ▒.▒.▒▒..▒ ▒.......▒ ▒▒.▒▒
▒.▒.▒▒..▒▒▒.▒▒.▒..▒▒ ▒.▒
▒.▒.▒▒..............


You could see a hobgoblin.


Message History

The hobgoblin closely misses you! The dart slug launches a dart at you!
The slug dart misses you!
You squash the dart slug like an ant!
The dart slug is moderately wounded!
You squash the dart slug like an ant!
The dart slug is almost dead!
The dart slug misses you!
You pummel the dart slug but do no damage!
The dart slug is almost dead!
The dart slug closely misses you!
You squash the dart slug like an ant!!!
You annihilate the dart slug!!!
You squash the hobgoblin like an ant!
The hobgoblin is lightly wounded!
You barely miss the hobgoblin!
The hobgoblin is lightly wounded!
The hobgoblin hits you with a club! * * * don't die
* * * You beat the hobgoblin into a bloody pulp!
The hobgoblin is moderately wounded!
The hobgoblin hits you with a club!!! * * * don't die
* * * You squash the hobgoblin like an ant!
The hobgoblin is severely wounded!
The hobgoblin hits you but does no damage!
You barely miss the hobgoblin!
The hobgoblin is severely wounded!
The hobgoblin hits you with a club! rip

Action                   |  1- 3 |  4- 6 || total
-------------------------+-------+-------++-------
Melee: Unarmed           |   128 |    24 ||   152
       Punch             |     2 |       ||     2
 Stab: Sleeping          |     7 |       ||     7
Armor: Skin              |    12 |     1 ||    13
Dodge: Dodged            |    68 |    17 ||    85

Vault maps used:
D:1:      lemuel_arrival_room, hangedman_decor_clover_reticule,
          grunt_decor_arrowhead
D:2:      lemuel_blue_sif_altar, hex_medium, amalloy_card_club

Notes
Turn   | Place    | Note
--------------------------------------------------------------
     0 | D:1      | MistressOfTheDunes the Mummy Monk began the quest for the Orb.
     0 | D:1      | Reached XP level 1. HP: 18/18 MP: 1/1
   222 | D:1      | Reached XP level 2. HP: 6/24 MP: 2/2
  1181 | D:2      | Reached skill level 4 in Unarmed Combat
  1221 | D:2      | Reached XP level 3. HP: 5/29 MP: 3/3
  2210 | D:2      | Reached XP level 4. HP: 26/35 MP: 4/4
  2362 | D:1      | HP: 2/35 [hobgoblin/club (6)]
  2442 | D:1      | HP: 3/35 [hobgoblin/club (7)]
  2444 | D:1      | Slain by a hobgoblin

Vanquished Creatures
  A gnoll (D:2)
  4 adders (D:2)
  An ooze (D:2)
  A dart slug (D:1)
  A ball python (D:1)
  3 goblins (D:1)
  3 hobgoblins
  A jackal (D:1)
  3 bats
  3 giant newts (D:1)
  5 kobolds (D:1)
  6 rats
32 creatures vanquished.
